 Dungeon Crawl Stone Soup version 0.22.0-49-gab54619674 (webtiles) character file.

13843 Americanboy the Cleaver (level 11, -8/101 HPs)
             Began as a Minotaur Fighter on Sept 5, 2018.
             Was a High Priest of Okawaru.
             Mangled by a freezing wraith (9 damage)
             ... on level 11 of the Dungeon.
             The game lasted 00:20:08 (11512 turns).

Americanboy the Cleaver (Minotaur Fighter)         Turns: 11512, Time: 00:20:08

Health: -8/101     AC: 13    Str: 24    XL:     11   Next: 80%
Magic:  4/11       EV: 15    Int:  5    God:    Okawaru [*****.]
Gold:   373        SH:  0    Dex: 10    Spells: 10/10 levels left

rFire    + . .     SeeInvis .   y - +2 battleaxe (elec)
rCold    . . .     Gourm    .   (shield currently unavailable)
rNeg     . . .     Faith    .   C - +2 ring mail {MR+}
rPois    +         Spirit   .   G - +0 hat
rElec    .         Reflect  .   d - +2 cloak
rCorr    .         Harm     .   (no gloves)
MR       +....                  (no boots)
Stlth    ++........             (no amulet)
HPRegen  0.26/turn              F - ring of protection from fire
MPRegen  0.12/turn              l - ring of poison resistance

@: heroism, finesse
A: retaliatory headbutt, horns 2
a: Heroism, Finesse, Renounce Religion


You were on level 11 of the Dungeon.
You worshipped Okawaru.
Okawaru was extremely pleased with you.
You were not hungry.

You visited 2 branches of the dungeon, and saw 12 of its levels.
You also visited: Sewer and Ossuary.

You collected 625 gold pieces.
You spent 252 gold pieces at shops.

Inventory:

Hand Weapons
 n - the +10 rapier of the Vestibule of Hell {flame, Str+4 Int+3 Dex-2}
   (You found it on level 6 of the Dungeon)

   It has been specially enchanted to burn those struck by it, causing extra
   injury to most foes and up to half again as much damage against particularly
   susceptible opponents.
   It affects your strength (+4).
   It affects your intelligence (+3).
   It affects your dexterity (-2).
 y - a +2 battleaxe of electrocution (weapon)
Missiles
 B - 5 throwing nets (quivered)
Armour
 b - a +0 plate armour
 c - a +0 shield
 d - a +2 cloak (worn)
 C - a +2 ring mail of magic resistance (worn)
 G - a +0 hat (worn)
Jewellery
 a - an uncursed ring of see invisible
 l - a ring of poison resistance (right hand)
 E - an uncursed ring of positive energy
 F - a ring of protection from fire (left hand)
Wands
 o - a wand of random effects (28)
 H - a wand of digging (17)
Scrolls
 e - 6 scrolls of remove curse
 h - 6 scrolls of teleportation
 i - 4 scrolls of amnesia
 m - 4 scrolls of fear
 s - 2 scrolls of blinking
 w - 3 scrolls of fog
 D - a scroll of summoning
 I - 2 scrolls of identify
Potions
 g - 5 potions of flight
 j - 3 potions of agility
 k - a potion of might
 p - 3 potions of magic
 q - a potion of ambrosia
 r - a potion of brilliance
 t - 2 potions of haste
 v - 2 potions of mutation
 x - 5 potions of heal wounds
 z - 8 potions of curing
 A - a potion of lignification
Miscellaneous
 u - a lightning rod (3/4)
Comestibles
 f - 13 rations


   Skills:
 * Level 10.4(15.4) Fighting
 - Level 8.7(13.7) Short Blades
 * Level 13.8(18.8) Axes
 + Level 8.3(13.3) Armour
 + Level 5.3(10.3) Dodging
 - Level 0.6(5.6) Stealth
 + Level 7.6(12.6) Shields
 + Level 1.3 Invocations


You had 10 spell levels left.
You didn't know any spells.
Your spell library contained the following spells:

 Spells                   Type           Power        Failure   Level  Hunger
 Apportation              Tloc           #.....       58%         1    ##.....
 Flame Tongue             Conj/Fire      #....        58%         1    ##.....
 Magic Dart               Conj           #...         58%         1    ##.....
 Summon Butterflies       Summ           #.......     58%         1    ##.....
 Blink                    Tloc           N/A          73%         2    ###....
 Call Imp                 Summ           #.......     73%         2    ###....
 Poisonous Vapours        Pois/Air       #.....       73%         2    ###....
 Slow                     Hex            #.......     73%         2    ###....
 Throw Flame              Conj/Fire      #.....       73%         2    ###....
 Conjure Flame            Conj/Fire      #.......     91%         3    ####...
 Inner Flame              Hex/Fire       #.......     91%         3    ####...
 Lesser Beckoning         Tloc           #.........   91%         3    ####...
 Mephitic Cloud           Conj/Pois/Air  #.......     91%         3    ####...
 Tukima's Dance           Hex            #.......     91%         3    ####...
 Sticky Flame             Conj/Fire      #.......     100%        4    #####..
 Alistair's Intoxication  Tmut/Pois      #.......     100%        5    ######.
 Fireball                 Conj/Fire      #.........   100%        5    ######.
 Freezing Cloud           Conj/Ice/Air   #.........   100%        6    #######
 Invisibility             Hex            #.......     100%        6    #######
 Ring of Flames           Chrm/Fire      #.........   100%        7    #######


Dungeon Overview and Level Annotations

Branches:
Dungeon (11/15)            Temple (1/1) D:6            Lair (0/6) D:11
    Orc: D:9-12

Altars:
Ashenzari
Cheibriados
Dithmenos
Elyvilon
Fedhas
Gozag
Hepliaklqana
Kikubaaqudgha
Makhleb
Nemelex Xobeh
Okawaru
Qazlal
Ru
Sif Muna
Trog
Uskayaw
Wu Jian
Xom
Zin
The Shining One

Shops:
D:7 !   D:10 :


Innate Abilities, Weirdness & Mutations

You reflexively headbutt those who attack you in melee.
You have a pair of horns on your head.


Message History

Unknown command.
You are too injured to fight recklessly!
You hack one of the five-headed hydra's heads off!
The four-headed hydra grows two more!
You slice the six-headed hydra!!
The six-headed hydra is almost dead.
You hack one of the six-headed hydra's heads off!
The five-headed hydra grows two more!
You slice the seven-headed hydra!!
You kill the seven-headed hydra!
Okawaru is honoured by your kill.
You start resting.
A freezing wraith comes into view.
A freezing wraith is nearby!
You are too injured to fight recklessly!
You are too injured to fight recklessly!
The freezing wraith hits you!
* * * LOW HITPOINT WARNING * * *
The freezing wraith freezes you!!
* * * LOW HITPOINT WARNING * * *
The freezing wraith hits you!
You die...

#....'.......
#....#.......
#....#######.
#..........#
######.....#
#....'.....#
#<...#.....#
#....#######
#...@# #...W#
#[....
#......
#.......
#....#...
#....#....
#....#.....


You could see a freezing wraith.

Vanquished Creatures
  A hydra (D:11)
  Harold (D:7)
  The ghost of NeAGen181 the Blocker, a novice HOFi of Beogh (D:9)
  2 two-headed ogres
  An oklob plant (D:11)
  Pikel (D:7)
  2 gargoyles
  3 hornets
  A merfolk (D:9)
  A hippogriff (D:7)
  Sigmund (D:4)
  3 yaks (D:10)
  A shadow (D:10)
  Menkaure (D:7)
  2 hungry ghosts
  A vampire mosquito (D:10)
  An acid dragon (D:10)
  2 slaves (D:7)
  7 orc warriors
  3 ice beasts
  A sky beast (D:9)
  5 ogres
  A necrophage (D:8)
  A phantom (D:5)
  A hornet zombie (D:9)
  5 centaurs
  A crocodile (D:8)
  9 bullfrogs
  3 big kobolds
  A wyvern zombie (D:9)
  17 scorpions
  7 killer bees
  3 wights (D:10)
  6 crimson imps
  2 centaur zombies
  2 bullfrog zombies
  8 hounds
  A quasit (D:9)
  A human zombie (Ossuary)
  4 jellies
  7 orc priests
  13 orc wizards
  2 bullfrog skeletons
  6 iguanas
  5 worker ants
  A killer bee zombie (D:6)
  A big kobold zombie (Ossuary)
  2 hound zombies
  A hound skeleton (D:4)
  3 mummies (Ossuary)
  3 gnolls (D:7)
  A howler monkey skeleton (D:6)
  14 adders
  2 river rats
  7 scorpion zombies (Ossuary)
  4 shadow imps
  4 oozes
  An adder zombie (D:8)
  4 worms (D:3)
  6 dart slugs
  2 leopard geckos
  40 orcs
  5 ball pythons
  9 bats
  10 giant cockroaches
  12 goblins
  6 hobgoblins
  21 jackals
  3 quokkas
  6 frilled lizards
  2 gnoll zombies (Ossuary)
  2 goblin zombies (Ossuary)
  2 hobgoblin zombies (Ossuary)
  19 kobolds
  A kobold zombie (Ossuary)
  A leopard gecko skeleton (D:6)
  3 orc zombies
  A quokka skeleton (D:8)
  A quokka zombie (D:7)
  14 rats
  A rat zombie (D:8)
  5 plants (D:11)
368 creatures vanquished.

Notes
Turn   | Place    | Note
-------+----------+-------------------------------------------
     0 | D:1      | Americanboy the Minotaur Fighter began the quest for the
                  | Orb.
     0 | D:1      | Reached XP level 1. HP: 19/19 MP: 0/0
   156 | D:1      | Reached XP level 2. HP: 26/27 MP: 1/1
   532 | D:1      | Reached XP level 3. HP: 33/33 MP: 2/2
   985 | D:2      | Found a white marble altar of Elyvilon.
  1076 | D:2      | Reached skill level 3 in Axes
  1206 | D:2      | Reached XP level 4. HP: 19/40 MP: 3/3
  1669 | D:3      | Reached skill level 1 in Dodging
  1669 | D:3      | Reached XP level 5. HP: 39/47 MP: 4/4
  1832 | D:3      | Reached skill level 4 in Axes
  1970 | D:3      | Found a glowing drain.
  1989 | Sewer    | Entered a sewer
  2059 | Sewer    | Reached skill level 5 in Axes
  2059 | Sewer    | Reached skill level 5 in Shields
  2144 | Sewer    | Reached XP level 6. HP: 46/53 MP: 5/5
  2705 | D:4      | Reached skill level 5 in Fighting
  2764 | D:4      | Reached XP level 7. HP: 11/61 MP: 6/6
  3053 | D:4      | Noticed Sigmund
  3067 | D:4      | Killed Sigmund
  3067 | D:4      | Reached skill level 6 in Axes
  3067 | D:4      | Reached skill level 5 in Armour
  3386 | D:5      | Entered Level 5 of the Dungeon
  3895 | D:5      | Found a shadowy altar of Dithmenos.
  4091 | D:6      | Got a shimmering rapier
  4092 | D:6      | Identified the +10 rapier of the Vestibule of Hell {flame,
                  | Str+4 Int+3 Dex-2} (You found it on level 6 of the Dungeon)
  4105 | D:6      | Reached skill level 1 in Short Blades
  4368 | D:6      | Found a staircase to the Ecumenical Temple.
  4499 | Temple   | Entered the Ecumenical Temple
  4615 | Temple   | Became a worshipper of Warmaster Okawaru
  4688 | D:6      | Reached XP level 8. HP: 69/69 MP: 7/7
  4863 | D:6      | Found a sacrificial altar of Ru.
  4937 | D:6      | Found a glowing golden altar of the Shining One.
  5054 | D:6      | Reached * piety under Okawaru
  5342 | D:7      | Reached skill level 5 in Short Blades
  5457 | D:7      | Noticed a hippogriff
  5470 | D:7      | Killed a hippogriff
  5470 | D:7      | Reached ** piety under Okawaru
  5470 | D:7      | Reached XP level 9. HP: 37/78 MP: 5/8
  5515 | D:7      | Got a shimmering dire flail
  5551 | D:7      | Identified the cursed +3 dire flail "Killer Bee's Curse"
                  | {freeze, Fragile Str+2 Int+4} (You found it on level 7 of
                  | the Dungeon)
  5633 | D:7      | Noticed Pikel
  5649 | D:7      | Killed Pikel
  5658 | D:7      | Found a stormy altar of Qazlal.
  5688 | D:7      | Noticed Harold
  5698 | D:7      | Killed Harold
  5698 | D:7      | Reached *** piety under Okawaru
  5727 | D:7      | Noticed Menkaure
  5733 | D:7      | Killed Menkaure
  6209 | D:7      | Found Duidexav's Distillery.
  6282 | D:7      | Bought a potion of curing for 36 gold pieces
  6282 | D:7      | Bought a potion of heal wounds for 60 gold pieces
  6282 | D:7      | Bought a potion of curing for 36 gold pieces
  6282 | D:7      | Bought a potion of haste for 120 gold pieces
  6672 | D:8      | Reached XP level 10. HP: 88/88 MP: 9/9
  6717 | D:8      | Found a sand-covered staircase.
  6728 | Ossuary  | Entered an ossuary
  6746 | Ossuary  | Reached **** piety under Okawaru
  6765 | Ossuary  | Reached skill level 7 in Axes
  7249 | Ossuary  | Reached skill level 8 in Axes
  7875 | D:8      | Reached skill level 9 in Axes
  8099 | D:8      | Found a bloodstained altar of Trog.
  8279 | D:8      | Noticed a two-headed ogre
  8284 | D:8      | Killed a two-headed ogre
  8284 | D:8      | Reached ***** piety under Okawaru
  8284 | D:8      | Reached skill level 10 in Axes
  8848 | D:9      | Noticed a two-headed ogre
  8855 | D:9      | Killed a two-headed ogre
  8855 | D:9      | Reached skill level 11 in Axes
  8855 | D:9      | Reached XP level 11. HP: 97/97 MP: 2/10
  8982 | D:9      | Found a large runed door.
  8983 | D:9      | Found a large runed door.
  8984 | D:9      | Noticed NeAGen181's ghost (novice HOFi)
  9018 | D:9      | Killed NeAGen181's ghost
  9018 | D:9      | Reached skill level 1 in Invocations
  9153 | D:9      | Reached skill level 12 in Axes
  9437 | D:10     | Entered Level 10 of the Dungeon
  9913 | D:10     | Found Atsiyx's Book Boutique.
 10089 | D:10     | Reached skill level 10 in Fighting
 10105 | D:10     | Received a gift from Okawaru
 10105 | D:10     | Reached skill level 13 in Axes
 10643 | D:11     | Noticed an oklob plant
 10645 | D:11     | Found a staircase to the Lair.
 10661 | D:11     | Killed an oklob plant
 10942 | D:11     | Reached skill level 5 in Dodging
 11500 | D:11     | Noticed a four-headed hydra
 11506 | D:11     | Killed a seven-headed hydra
 11512 | D:11     | HP: 1/101 [freezing wraith (22)]
 11512 | D:11     | Mangled by a freezing wraith

Skill      XL: |  1  2  3  4  5  6  7  8  9 10 11 |
---------------+----------------------------------+-----
Fighting       | 4 5 6 7 9 10 | 10.4
Shields        | 4 5 6 7 |  7.6
Axes           | 3 5 6 11 13 | 13.8
Armour         | 4 6 7 8 |  8.3
Dodging        | 1 2 3 4 5 |  5.3
Short Blades   | 1 6 8 |  8.7
Invocations    | 1 |  1.3
Stealth        | |  0.6

Action                   |  1- 3 |  4- 6 |  7- 9 | 10-12 || total
-------------------------+-------+-------+-------+-------++-------
Melee: War axe           |   102 |   194 |    43 |       ||   339
       Headbutt          |    10 |    22 |    41 |    61 ||   134
       Rapier            |       |       |   149 |       ||   149
       Battleaxe         |       |       |    41 |   341 ||   382
       Punch             |       |       |     2 |       ||     2
Invok: Heroism           |       |       |     3 |    10 ||    13
       Finesse           |       |       |       |     3 ||     3
Evoke: Lightning rod     |       |       |       |     2 ||     2
  Use: Scroll            |       |     8 |     5 |    13 ||    26
       Potion            |       |     1 |       |     1 ||     2
  Eat: Chunk             |     1 |     2 |     4 |       ||     7
       Ration            |       |     1 |     5 |     5 ||    11
Armor: Scale mail        |    46 |    80 |    53 |       ||   179
       Ring mail         |       |       |    20 |   134 ||   154
Dodge: Dodged            |    32 |    70 |    71 |   203 ||   376
Block: Shield            |    55 |   100 |    88 |       ||   243
